General information
- name: BNet
- type: Ladder team game (AT/RT)
- host: Battle.net
- saver: dogsandhorse.ru
map: UpperKingdom
- players: 6
- length: 75:24
- speed: Fast
- version: 1.26 W3XP
- replay type:

» download(640 KB)
Players
team 1 (loser)

»
borysek916 (
purple | 26 APM | 1996 actions | 75:23)
4 Keeper of the Grove
2 Entangling Roots
2 Force of Nature
4 Priestess of the Moon
2 Searing Arrows
2 Trueshot Aura
3 Demon Hunter
1 Mana Burn
2 Evasion
» actions
| Assign group hotkey | 25 | |
| Basic commands | 10 | |
| Build / train | 150 | |
| Enter build submenu | 35 | |
| Enter hero's abilities submenu | 11 | |
| Give item / drop item | 1 | |
| Remove unit from queue | 21 | |
| Right click | 1010 | |
| Select / deselect | 484 | |
| Select group hotkey | 108 | |
| Use ability | 141 | |
1996 total
» units
| Wisp | 42 | |
| Huntress | 6 | |
| Dryad | 2 | |
| Druid of the Talon | 7 | |
| Chimaera | 8 | |
| Mountain Giant | 2 | |
| Glaive Thrower | 6 | |
73 total
» upgrades
| Ultravision | 1 | |
| Abolish Magic | 1 | |
| Druid of the Talon Training | 2 | |
| Moon Armor | 3 | |
| Corrosive Breath | 1 | |
| Druid of the Claw Training | 2 | |
| Sentinel | 1 | |
| Vorpal Blades | 1 | |
| Upgrade Moon Glaive | 1 | |
| Strength of the Moon | 2 | |
| Strength of the Wild | 3 | |
| Reinforced Hides | 2 | |
| Mark of the Talon | 1 | |
| Well Spring | 1 | |
| Mark of the Claw | 1 | |
| Hardened Skin | 1 | |
24 total
» buildings
| Moon Well | 9 | |
| Altar of Elders | 1 | |
| Hunter's Hall | 1 | |
| Ancient of War | 2 | |
| Ancient of Wonders | 1 | |
| Ancient Protector | 5 | |
| Tree of Life | 6 | |
| Tree of Ages | 1 | |
| Arcane Tower | 4 | |
| Ancient of Lore | 1 | |
| Ancient of Wind | 2 | |
| Tree of Eternity | 1 | |
| Chimaera Roost | 2 | |
36 total
» build order
00:18 Moon Well
00:29 Altar of Elders
02:02 Hunter's Hall
02:08 Ancient of War
02:23 Ancient of War
02:29 Moon Well
02:36 Moon Well
03:19 Ancient of Wonders
05:29 Ancient Protector
06:19 Moon Well
07:06 Tree of Life
08:47 Tree of Ages
09:33 Arcane Tower
09:37 Arcane Tower
11:08 Ancient Protector
11:11 Ancient Protector
11:12 Ancient Protector
11:37 Tree of Life
12:07 Ancient of Lore
12:14 Ancient of Wind
12:16 Tree of Eternity
13:05 Tree of Life
13:33 Ancient Protector
13:46 Arcane Tower
13:58 Arcane Tower
16:40 Chimaera Roost
16:42 Chimaera Roost
16:57 Moon Well
16:59 Moon Well
17:02 Moon Well
17:08 Moon Well
17:09 Moon Well
45:15 Ancient of Wind
45:23 Tree of Life
64:14 Tree of Life
64:21 Tree of Life
» items
| Moonstone | 1 | |
| Dust of Appearance | 2 | |
| Lesser Clarity Potion | 1 | |
| Ivory Tower | 4 | |
| Scroll of Town Portal | 2 | |
| Staff of Preservation | 1 | |
| Potion of Healing | 1 | |
12 total

»
KILO_KARTOFLI (
green | 99 APM | 7451 actions | 75:17)
6 Death Knight
3 Death Coil
2 Unholy Aura
1 Animate Dead
4 Pit Lord
2 Rain of Fire
2 Howl of Terror
4 Pandaren Brewmaster
2 Breath of Fire
2 Drunken Haze
» actions
| Assign group hotkey | 1207 | |
| Basic commands | 54 | |
| Build / train | 109 | |
| Enter build submenu | 27 | |
| Enter hero's abilities submenu | 14 | |
| Give item / drop item | 1 | |
| Remove unit from queue | 23 | |
| Right click | 3603 | |
| Select / deselect | 847 | |
| Select group hotkey | 1297 | |
| Use ability | 269 | |
7451 total
» units
| Acolyte | 3 | |
| Ghoul | 4 | |
| Crypt Fiend | 9 | |
| Obsidian Statue | 1 | |
| Frost Wyrm | 22 | |
| Meatwagon | 1 | |
| Abomination | 1 | |
41 total
» upgrades
| Web | 1 | |
| Creature Attack | 3 | |
| Destroyer Form | 1 | |
| Creature Carapace | 3 | |
| Freezing Breath | 1 | |
| Strength of the Moon | | |
| Strength of the Wild | | |
| Reinforced Hides | | |
9 total
» buildings
| Graveyard | 1 | |
| Crypt | 1 | |
| Altar of Darkness | 2 | |
| Ziggurat | 10 | |
| Tomb of Relics | 1 | |
| Nerubian Tower | 1 | |
| Halls of the Dead | 4 | |
| Black Citadel | 1 | |
| Sacrificial Pit | 1 | |
| Slaughterhouse | 1 | |
| Boneyard | 2 | |
| Spirit Tower | 2 | |
27 total
» build order
00:06 Graveyard
00:11 Crypt
00:28 Altar of Darkness
00:43 Ziggurat
00:51 Tomb of Relics
01:50 Ziggurat
03:10 Nerubian Tower
03:46 Halls of the Dead
03:46 Halls of the Dead
03:47 Halls of the Dead
05:25 Ziggurat
05:28 Ziggurat
06:39 Black Citadel
07:31 Sacrificial Pit
07:50 Slaughterhouse
10:48 Boneyard
11:06 Spirit Tower
11:52 Boneyard
12:04 Ziggurat
12:06 Ziggurat
12:07 Ziggurat
13:54 Spirit Tower
16:12 Ziggurat
38:44 Altar of Darkness
40:16 Ziggurat
40:17 Ziggurat
» items
| Rod of Necromancy | 2 | |
| Dust of Appearance | 6 | |
| Scroll of Town Portal | 3 | |
| Scroll of Healing | 4 | |
| Potion of Mana | 3 | |
| Potion of Healing | 7 | |
| Orb of Corruption | 1 | |
| Sacrificial Skull | 2 | |
| Staff of Sanctuary | 1 | |
| Lesser Clarity Potion | 1 | |
30 total

»
tazilla (
pink | 140 APM | 10533 actions | 75:14)
5 Archmage
3 Summon Water Elemental
2 Brilliance Aura
4 Mountain King
2 Storm Bolt
2 Bash
4 Paladin
2 Holy Light
2 Divine Shield
» actions
| Assign group hotkey | 113 | |
| Basic commands | 283 | |
| Build / train | 194 | |
| Enter build submenu | 106 | |
| Enter hero's abilities submenu | 14 | |
| Give item / drop item | 1 | |
| Right click | 6053 | |
| Select / deselect | 1024 | |
| Select group hotkey | 2401 | |
| Use ability | 344 | |
10533 total
» units
| Peasant | 49 | |
| Footman | 8 | |
| Siege Engine | 24 | |
| Flying Machine | 1 | |
82 total
» upgrades
| Defend | 1 | |
| Lumber Harvesting | 2 | |
| Masonry | 3 | |
| Gunpowder | 3 | |
| Plating | 3 | |
| Animal War Training | 1 | |
| Barrage | 1 | |
| Flak Cannons | 1 | |
15 total
» buildings
| Altar of Kings | 1 | |
| Farm | 12 | |
| Barracks | 1 | |
| Scout Tower | 68 | |
| Lumber Mill | 1 | |
| Arcane Tower | 3 | |
| Keep | 1 | |
| Arcane Vault | 8 | |
| Town Hall | 8 | |
| Castle | 1 | |
| Blacksmith | 1 | |
| Guard Tower | 40 | |
| Workshop | 4 | |
149 total
» build order
00:07 Altar of Kings
00:22 Farm
00:26 Barracks
00:38 Farm
01:41 Scout Tower
01:43 Lumber Mill
01:59 Farm
02:22 Arcane Tower
03:20 Keep
04:21 Arcane Vault
04:48 Farm
05:11 Farm
06:02 Town Hall
06:11 Scout Tower
06:12 Scout Tower
06:43 Arcane Tower
07:15 Arcane Tower
07:36 Scout Tower
08:23 Castle
08:26 Blacksmith
08:50 Guard Tower
08:51 Farm
08:52 Farm
08:53 Farm
08:57 Scout Tower
09:28 Guard Tower
09:29 Arcane Vault
09:33 Arcane Vault
09:53 Workshop
09:55 Scout Tower
09:58 Workshop
10:00 Workshop
10:04 Farm
10:58 Guard Tower
11:10 Scout Tower
11:12 Scout Tower
12:10 Guard Tower
12:34 Town Hall
13:08 Guard Tower
13:36 Workshop
13:48 Farm
14:10 Farm
14:54 Scout Tower
15:10 Scout Tower
15:12 Scout Tower
15:14 Scout Tower
15:21 Guard Tower
15:22 Scout Tower
15:48 Guard Tower
15:59 Scout Tower
16:00 Guard Tower
16:10 Scout Tower
16:28 Guard Tower
16:29 Scout Tower
17:01 Guard Tower
17:02 Scout Tower
17:27 Arcane Vault
17:30 Town Hall
17:44 Guard Tower
17:46 Scout Tower
18:20 Guard Tower
18:28 Farm
20:02 Town Hall
20:22 Scout Tower
20:23 Scout Tower
20:59 Guard Tower
23:05 Scout Tower
23:05 Scout Tower
23:07 Scout Tower
23:08 Scout Tower
23:09 Scout Tower
23:10 Scout Tower
23:13 Scout Tower
23:14 Scout Tower
23:29 Scout Tower
23:31 Scout Tower
23:36 Guard Tower
23:38 Scout Tower
23:39 Scout Tower
23:41 Guard Tower
23:44 Scout Tower
23:45 Scout Tower
24:08 Guard Tower
24:14 Guard Tower
24:27 Arcane Vault
26:32 Arcane Vault
28:55 Town Hall
29:31 Scout Tower
31:19 Guard Tower
32:57 Guard Tower
32:59 Scout Tower
33:29 Arcane Vault
33:55 Guard Tower
33:55 Scout Tower
34:14 Town Hall
34:16 Scout Tower
34:24 Guard Tower
34:25 Scout Tower
34:42 Scout Tower
34:43 Guard Tower
34:54 Guard Tower
34:55 Scout Tower
35:17 Guard Tower
35:18 Scout Tower
35:24 Guard Tower
35:25 Scout Tower
35:47 Guard Tower
36:08 Guard Tower
39:39 Scout Tower
40:56 Scout Tower
40:57 Scout Tower
41:54 Guard Tower
42:01 Guard Tower
42:06 Scout Tower
42:40 Guard Tower
42:41 Scout Tower
43:21 Scout Tower
43:22 Guard Tower
45:04 Town Hall
45:17 Scout Tower
45:18 Scout Tower
45:27 Scout Tower
45:30 Scout Tower
45:31 Scout Tower
45:44 Guard Tower
45:49 Scout Tower
45:55 Scout Tower
45:56 Guard Tower
45:56 Scout Tower
45:59 Guard Tower
46:01 Scout Tower
46:04 Scout Tower
46:32 Guard Tower
46:33 Scout Tower
46:40 Scout Tower
46:46 Arcane Vault
46:47 Guard Tower
48:24 Scout Tower
48:24 Scout Tower
48:25 Scout Tower
48:28 Scout Tower
48:29 Scout Tower
48:30 Scout Tower
48:53 Guard Tower
48:55 Scout Tower
48:56 Guard Tower
49:10 Guard Tower
49:12 Town Hall
49:51 Guard Tower
» items
| Scroll of Regeneration | 3 | |
| Lesser Clarity Potion | 1 | |
| Potion of Healing | 1 | |
| Ivory Tower | 29 | |
| Scroll of Town Portal | 2 | |
36 total
team 2 (winner)
baby_in_pram (
teal | 125 APM | 9462 actions | 75:24)
8 Warden
3 Shadow Strike
3 Blink
2 Fan of Knives
7 Pandaren Brewmaster
3 Breath of Fire
1 Drunken Haze
2 Drunken Brawler
1 Storm Earth and Fire
» actions
| Assign group hotkey | 102 | |
| Basic commands | 210 | |
| Build / train | 86 | |
| ESC pressed | 9 | |
| Enter build submenu | 48 | |
| Enter hero's abilities submenu | 17 | |
| Give item / drop item | 3 | |
| Remove unit from queue | 2 | |
| Right click | 5850 | |
| Select / deselect | 1421 | |
| Select group hotkey | 1268 | |
| Use ability | 446 | |
9462 total
» units
| Wisp | 37 | |
| Druid of the Talon | 5 | |
42 total
» upgrades
| Well Spring | 1 | |
| Ultravision | 1 | |
| Druid of the Talon Training | 1 | |
| Strength of the Wild | 1 | |
| Reinforced Hides | 1 | |
5 total
» buildings
| Altar of Elders | 3 | |
| Moon Well | 29 | |
| Tree of Ages | 4 | |
| Hunter's Hall | 2 | |
| Ancient of Wonders | 1 | |
| Tree of Eternity | 4 | |
| Ancient of Wind | 3 | |
| Tree of Life | 4 | |
| Ancient of Lore | 2 | |
52 total
» build order
00:04 Altar of Elders
00:05 Moon Well
01:50 Moon Well
02:57 Moon Well
04:20 Tree of Ages
04:21 Tree of Ages
04:21 Tree of Ages
06:19 Hunter's Hall
06:48 Ancient of Wonders
08:57 Tree of Eternity
08:57 Tree of Eternity
08:57 Tree of Eternity
09:32 Ancient of Wind
11:41 Tree of Life
11:57 Tree of Life
13:02 Moon Well
13:04 Moon Well
13:06 Moon Well
13:16 Moon Well
13:17 Moon Well
13:19 Moon Well
13:20 Moon Well
13:52 Moon Well
13:55 Moon Well
13:56 Moon Well
13:57 Moon Well
14:38 Moon Well
14:43 Moon Well
16:12 Moon Well
22:31 Altar of Elders
24:06 Tree of Life
24:17 Moon Well
24:17 Moon Well
24:18 Moon Well
27:02 Tree of Life
27:12 Moon Well
27:14 Moon Well
27:14 Moon Well
27:15 Moon Well
35:16 Moon Well
38:21 Tree of Ages
38:24 Hunter's Hall
38:53 Moon Well
38:53 Moon Well
38:54 Moon Well
38:54 Moon Well
41:11 Ancient of Lore
41:12 Ancient of Lore
41:22 Ancient of Wind
41:23 Ancient of Wind
55:21 Altar of Elders
» items
| Staff of Sanctuary | 2 | |
| Orb of Lightning | 2 | |
4 total
dogsandhorse.ru (
red | 137 APM | 10368 actions | 75:24)
9 Blademaster
3 Wind Walk
3 Critical Strike
1 Bladestorm
2 Mirror Image
8 Tauren Chieftain
3 Shockwave
3 Endurance Aura
1 Reincarnation
1 War Stomp
» actions
| Assign group hotkey | 26 | |
| Basic commands | 22 | |
| Build / train | 129 | |
| Enter build submenu | 70 | |
| Enter hero's abilities submenu | 17 | |
| Give item / drop item | 18 | |
| Remove unit from queue | 16 | |
| Right click | 7733 | |
| Select / deselect | 1061 | |
| Select group hotkey | 795 | |
| Use ability | 481 | |
10368 total
» units
| Peon | 18 | |
| Troll Batrider | 43 | |
| Kodo Beast | 1 | |
62 total
» upgrades
| Reinforced Defenses | 1 | |
| Liquid Fire | 1 | |
2 total
» buildings
| Altar of Storms | 3 | |
| Orc Burrow | 11 | |
| War Mill | 2 | |
| Voodoo Lounge | 5 | |
| Watch Tower | 33 | |
| Stronghold | 2 | |
| Fortress | 1 | |
| Beastiary | 5 | |
| Great Hall | 5 | |
67 total
» build order
00:08 Altar of Storms
00:21 Orc Burrow
00:34 War Mill
01:05 Voodoo Lounge
01:48 Watch Tower
02:19 Watch Tower
02:54 Watch Tower
02:55 Watch Tower
03:35 Stronghold
03:56 Watch Tower
03:58 Watch Tower
04:51 Orc Burrow
04:52 Orc Burrow
05:11 Watch Tower
05:12 Watch Tower
06:04 Fortress
06:08 Voodoo Lounge
06:21 Watch Tower
06:27 Watch Tower
06:51 Beastiary
07:05 Beastiary
07:39 Watch Tower
07:40 Watch Tower
07:47 Watch Tower
08:07 Voodoo Lounge
11:07 Watch Tower
11:08 Watch Tower
11:08 Watch Tower
11:42 Watch Tower
11:42 Watch Tower
11:43 Watch Tower
11:43 Watch Tower
12:44 Orc Burrow
13:47 Watch Tower
13:48 Watch Tower
13:48 Watch Tower
13:49 Watch Tower
13:58 Voodoo Lounge
17:28 Great Hall
22:40 Watch Tower
22:41 Watch Tower
24:13 Voodoo Lounge
27:54 Watch Tower
27:54 Watch Tower
28:26 Beastiary
30:27 Altar of Storms
30:28 Orc Burrow
30:28 Orc Burrow
31:39 Orc Burrow
33:11 Orc Burrow
33:15 Great Hall
33:18 Great Hall
35:39 Great Hall
36:46 Great Hall
39:56 Orc Burrow
40:13 Stronghold
41:01 Orc Burrow
41:44 War Mill
42:53 Beastiary
42:55 Beastiary
43:32 Watch Tower
43:32 Watch Tower
43:52 Watch Tower
43:53 Watch Tower
43:54 Watch Tower
44:58 Altar of Storms
55:37 Orc Burrow
» items
| Healing Salve | 6 | |
| Lesser Clarity Potion | 8 | |
| Orb of Lightning | 2 | |
| Staff of Sanctuary | 2 | |
| Potion of Healing | 1 | |
| Potion of Mana | 1 | |
20 total
myliegecyrus (
blue | 120 APM | 9016 actions | 75:24)
9 Mountain King
3 Storm Bolt
3 Bash
1 Avatar
2 Thunder Clap
7 Paladin
3 Holy Light
3 Divine Shield
1 Devotion Aura
6 Blood Mage
2 Banish
3 Siphon Mana
1 Summon Phoenix
» actions
| Assign group hotkey | 330 | |
| Basic commands | 180 | |
| Build / train | 157 | |
| Enter build submenu | 173 | |
| Enter hero's abilities submenu | 28 | |
| Give item / drop item | 9 | |
| Right click | 4251 | |
| Select / deselect | 791 | |
| Select group hotkey | 2643 | |
| Use ability | 454 | |
9016 total
» units
» upgrades
| Masonry | 3 | |
| Lumber Harvesting | 2 | |
| Magic Sentry | 1 | |
6 total
» buildings
| Altar of Kings | 6 | |
| Farm | 18 | |
| Lumber Mill | 4 | |
| Scout Tower | 173 | |
| Arcane Tower | 14 | |
| Guard Tower | 70 | |
| Keep | 1 | |
| Arcane Vault | 6 | |
| Castle | 1 | |
| Arcane Sanctum | 1 | |
| Town Hall | 3 | |
297 total
» build order
00:04 Altar of Kings
00:20 Farm
00:42 Farm
01:07 Lumber Mill
01:12 Farm
01:21 Scout Tower
01:30 Scout Tower
01:45 Scout Tower
01:50 Arcane Tower
01:51 Scout Tower
01:56 Arcane Tower
01:57 Scout Tower
02:11 Scout Tower
02:12 Arcane Tower
02:15 Scout Tower
02:23 Scout Tower
02:32 Scout Tower
02:34 Guard Tower
02:39 Guard Tower
03:14 Guard Tower
03:16 Scout Tower
03:42 Guard Tower
03:56 Guard Tower
03:58 Scout Tower
03:59 Keep
04:01 Guard Tower
04:02 Guard Tower
04:02 Guard Tower
04:03 Scout Tower
04:04 Scout Tower
04:09 Scout Tower
04:10 Scout Tower
04:13 Scout Tower
04:14 Scout Tower
04:36 Guard Tower
04:37 Scout Tower
04:41 Guard Tower
04:43 Guard Tower
04:46 Guard Tower
05:09 Guard Tower
05:11 Arcane Vault
05:13 Scout Tower
05:14 Scout Tower
05:20 Scout Tower
05:21 Scout Tower
05:22 Guard Tower
05:32 Arcane Vault
05:33 Arcane Tower
05:34 Guard Tower
05:36 Scout Tower
05:37 Scout Tower
06:41 Guard Tower
06:42 Scout Tower
06:44 Scout Tower
06:45 Scout Tower
06:45 Scout Tower
06:53 Guard Tower
06:54 Scout Tower
06:58 Scout Tower
06:58 Guard Tower
07:06 Farm
07:08 Castle
07:43 Guard Tower
07:44 Scout Tower
07:45 Scout Tower
08:13 Guard Tower
08:14 Scout Tower
08:15 Scout Tower
08:21 Guard Tower
08:22 Scout Tower
08:23 Scout Tower
08:28 Scout Tower
08:28 Guard Tower
08:30 Arcane Vault
08:37 Farm
08:41 Arcane Vault
08:42 Scout Tower
08:42 Scout Tower
08:43 Guard Tower
08:53 Guard Tower
08:56 Scout Tower
08:57 Scout Tower
09:00 Scout Tower
09:01 Scout Tower
09:06 Arcane Sanctum
09:10 Scout Tower
09:12 Scout Tower
09:26 Guard Tower
09:29 Scout Tower
09:29 Scout Tower
09:31 Guard Tower
10:09 Guard Tower
11:00 Guard Tower
11:02 Scout Tower
11:03 Scout Tower
11:10 Arcane Vault
11:43 Arcane Tower
11:45 Arcane Vault
12:10 Guard Tower
12:11 Scout Tower
12:12 Scout Tower
12:49 Guard Tower
12:51 Scout Tower
13:02 Scout Tower
13:03 Scout Tower
13:08 Guard Tower
13:12 Scout Tower
13:12 Scout Tower
13:20 Scout Tower
13:21 Scout Tower
13:48 Guard Tower
14:32 Guard Tower
14:34 Scout Tower
14:35 Scout Tower
15:21 Guard Tower
15:23 Scout Tower
15:24 Guard Tower
15:46 Guard Tower
15:52 Scout Tower
15:57 Guard Tower
16:00 Scout Tower
16:00 Scout Tower
16:59 Scout Tower
17:00 Guard Tower
17:28 Scout Tower
17:29 Scout Tower
17:48 Guard Tower
17:50 Scout Tower
17:53 Scout Tower
17:54 Scout Tower
18:03 Arcane Tower
18:40 Guard Tower
18:41 Guard Tower
18:48 Scout Tower
18:50 Scout Tower
18:54 Guard Tower
18:55 Scout Tower
18:55 Scout Tower
19:08 Scout Tower
19:08 Guard Tower
19:12 Scout Tower
20:18 Guard Tower
20:20 Scout Tower
20:51 Guard Tower
21:13 Scout Tower
21:13 Scout Tower
22:34 Scout Tower
22:34 Scout Tower
22:35 Scout Tower
22:36 Scout Tower
22:36 Scout Tower
23:13 Scout Tower
23:13 Scout Tower
23:14 Scout Tower
23:14 Scout Tower
23:20 Scout Tower
23:21 Scout Tower
23:22 Scout Tower
23:22 Scout Tower
23:31 Scout Tower
23:31 Scout Tower
23:34 Scout Tower
23:34 Scout Tower
23:36 Scout Tower
23:36 Scout Tower
23:37 Guard Tower
23:39 Arcane Tower
23:50 Guard Tower
23:52 Arcane Tower
24:15 Guard Tower
24:17 Guard Tower
24:20 Scout Tower
24:20 Scout Tower
25:24 Guard Tower
25:46 Guard Tower
26:14 Guard Tower
26:58 Scout Tower
29:01 Town Hall
29:11 Scout Tower
29:12 Scout Tower
29:13 Scout Tower
29:13 Scout Tower
29:14 Scout Tower
29:15 Scout Tower
29:20 Scout Tower
29:21 Scout Tower
29:21 Scout Tower
29:22 Scout Tower
29:23 Scout Tower
29:24 Scout Tower
29:30 Scout Tower
29:30 Scout Tower
29:34 Scout Tower
29:35 Scout Tower
29:36 Scout Tower
29:36 Scout Tower
29:41 Guard Tower
29:57 Guard Tower
30:04 Guard Tower
30:24 Scout Tower
30:24 Scout Tower
30:26 Scout Tower
30:26 Scout Tower
30:29 Scout Tower
30:29 Scout Tower
30:30 Scout Tower
30:31 Scout Tower
30:41 Guard Tower
30:47 Guard Tower
30:50 Altar of Kings
30:52 Guard Tower
31:13 Scout Tower
31:13 Scout Tower
31:14 Scout Tower
31:36 Farm
31:38 Farm
31:45 Arcane Tower
31:57 Farm
32:02 Arcane Tower
32:04 Lumber Mill
32:10 Scout Tower
32:12 Scout Tower
32:15 Scout Tower
32:28 Farm
33:12 Altar of Kings
33:13 Lumber Mill
33:14 Farm
33:15 Farm
33:17 Farm
33:19 Arcane Tower
34:45 Farm
34:47 Scout Tower
34:50 Scout Tower
34:51 Scout Tower
35:02 Arcane Tower
36:55 Scout Tower
37:06 Scout Tower
37:07 Scout Tower
37:13 Scout Tower
37:14 Scout Tower
38:15 Altar of Kings
38:20 Altar of Kings
38:44 Altar of Kings
38:50 Lumber Mill
38:52 Scout Tower
38:53 Scout Tower
39:02 Arcane Tower
39:33 Scout Tower
39:34 Scout Tower
39:35 Scout Tower
39:36 Scout Tower
39:36 Scout Tower
39:38 Scout Tower
39:40 Scout Tower
39:58 Farm
39:59 Farm
40:00 Farm
40:52 Guard Tower
41:22 Guard Tower
41:25 Scout Tower
41:26 Scout Tower
41:28 Farm
43:10 Guard Tower
43:16 Guard Tower
43:58 Farm
43:59 Scout Tower
44:32 Scout Tower
44:33 Scout Tower
44:34 Scout Tower
44:35 Scout Tower
45:12 Guard Tower
45:15 Scout Tower
45:16 Scout Tower
45:19 Scout Tower
45:21 Scout Tower
45:44 Guard Tower
46:17 Guard Tower
46:41 Guard Tower
47:59 Scout Tower
47:59 Scout Tower
48:00 Scout Tower
48:01 Guard Tower
48:34 Scout Tower
48:35 Scout Tower
48:44 Guard Tower
49:00 Arcane Tower
50:29 Guard Tower
50:31 Scout Tower
50:31 Scout Tower
50:32 Scout Tower
50:32 Scout Tower
52:47 Guard Tower
58:01 Scout Tower
58:14 Town Hall
64:43 Town Hall
» items
| Healing Salve | 2 | |
| Staff of Sanctuary | 3 | |
| Scroll of Town Portal | 1 | |
| Orb of Lightning | 2 | |
| Potion of Healing | 1 | |
| Lesser Clarity Potion | 1 | |
10 total
Chat log
(00:15 / All) dogsandhorse.ru: Hi
(00:16 / All) myliegecyrus: hey
(00:17 / Allies) myliegecyrus: gl hf
(00:18 / All) dogsandhorse.ru: GLHF
(00:21 / All) KILO_KARTOFLI: hi
(23:08 / All) myliegecyrus: stop rallying
(23:09 / All) dogsandhorse.ru: slurp
(25:01 / All) KILO_KARTOFLI: shit map
(25:03 / All) KILO_KARTOFLI: no shops
(25:03 / All) dogsandhorse.ru: LOL
(25:04 / All) dogsandhorse.ru: LOL
(25:05 / All) dogsandhorse.ru: LOL
(25:09 / All) dogsandhorse.ru: is every map a shit map with you
(66:07 / All) myliegecyrus: gg
(66:09 / All) myliegecyrus: you're noob
(66:12 / All) dogsandhorse.ru: again
(66:14 / All) dogsandhorse.ru: first sunrock
(66:15 / All) dogsandhorse.ru: now this
(66:17 / All) dogsandhorse.ru: you are trash
(66:27 / All) dogsandhorse.ru: http://highper.ch/
(67:31 / All) KILO_KARTOFLI: fucking imbalance
(67:35 / All) dogsandhorse.ru: owned
(67:35 / All) KILO_KARTOFLI: my ult doesnt work
(67:39 / All) KILO_KARTOFLI: heroes
(67:40 / All) KILO_KARTOFLI: tanks
(67:41 / All) dogsandhorse.ru: your brian doesn't work
(67:42 / All) KILO_KARTOFLI: wyrms
(67:50 / All) myliegecyrus: lol noob
(67:54 / All) KILO_KARTOFLI: i will not talk with fucktard russians
(67:59 / All) myliegecyrus: only res corpses noobman
(68:10 / All) myliegecyrus: have you not played this game
(68:19 / All) dogsandhorse.ru: another replay for highper.ch thanks for your incompetence
(68:28 / All) KILO_KARTOFLI: wow
(68:31 / All) tazilla: who even watch this wow
(68:32 / All) KILO_KARTOFLI: noone watch this
(68:37 / All) KILO_KARTOFLI: gl hf
(68:39 / All) KILO_KARTOFLI: 0 views
(68:45 / All) KILO_KARTOFLI: last replay had 0 views
(68:47 / All) baby_in_pram: the stream has about 15?
(68:49 / All) KILO_KARTOFLI: and allways will have 0
(68:52 / All) KILO_KARTOFLI: WOW
(68:55 / All) dogsandhorse.ru: this is live on twitch.tv
(68:56 / All) KILO_KARTOFLI: !5?
(68:57 / All) KILO_KARTOFLI: xf
(69:03 / All) KILO_KARTOFLI: y i now
(69:03 / All) myliegecyrus: you getting owned 2xxx
(69:07 / All) tazilla: well then I go make suicide
(69:10 / All) tazilla: if 5
(69:15 / All) KILO_KARTOFLI: ohhh
(69:16 / All) KILO_KARTOFLI: 15
(69:17 / All) KILO_KARTOFLI: or 5
(69:21 / All) KILO_KARTOFLI: who fucking cares
(69:35 / All) KILO_KARTOFLI: your mom watch this?
(69:38 / All) KILO_KARTOFLI: and all family? :D
(69:41 / All) dogsandhorse.ru: yes : - )
(69:46 / All) baby_in_pram: how about yours?
(69:48 / All) KILO_KARTOFLI: hi dad hi mom
(69:52 / All) baby_in_pram: or are you too embarrassed to show your awful play
(69:53 / All) KILO_KARTOFLI: i wish you long life
(70:00 / All) KILO_KARTOFLI: y i screw up
(70:05 / All) KILO_KARTOFLI: i lost against this shit
(70:09 / All) KILO_KARTOFLI: shame
(70:19 / All) baby_in_pram: you lose twice
(70:20 / All) baby_in_pram: double shame
(70:21 / All) baby_in_pram: double shane
(70:22 / All) myliegecyrus: you lost against it twice
(70:26 / All) myliegecyrus: very easy both times
(70:34 / All) KILO_KARTOFLI: you played 2 hours against noob
(70:38 / All) KILO_KARTOFLI: triple shame
(70:39 / All) dogsandhorse.ru: lol!
(70:46 / All) dogsandhorse.ru: you spent 2 hours losing .. . .
(70:47 / All) myliegecyrus: sadly I couldn't make it last longer
(70:48 / All) baby_in_pram: yes, you are big noob. you do little to dispel this
(70:49 / All) myliegecyrus: you were too bad
(70:57 / All) KILO_KARTOFLI: :*
(72:07 / All) tazilla: u would win with normal strat
(72:12 / All) tazilla: why this shit?
(72:14 / All) dogsandhorse.ru: is that a compliment
(72:15 / All) baby_in_pram: u would lose no matter what strat
(72:25 / All) tazilla: yes, because we noobs
(72:31 / All) dogsandhorse.ru: you're like 30-92
(72:33 / All) dogsandhorse.ru: amazing
(72:33 / All) baby_in_pram: Yuuuuuuuge noobs
(72:37 / All) baby_in_pram: -geoff kelly
(72:49 / All) tazilla: ofc
(72:53 / All) tazilla: nobody plays wc3 nowadays
(72:56 / All) dogsandhorse.ru: we
(72:57 / All) tazilla: we play it for fun
(73:02 / All) myliegecyrus: as do we!! coincidence
(73:03 / All) dogsandhorse.ru: as a video game, i also play war3 for fun
(73:05 / All) myliegecyrus: this was 100% fun game
(73:06 / All) baby_in_pram: do you play it? or just lose in it
(73:13 / All) myliegecyrus: did you have fun this game???
(73:14 / All) myliegecyrus: we did
(73:16 / All) KILO_KARTOFLI: play it
(73:16 / All) tazilla: we can lose, we dont care
(73:18 / All) dogsandhorse.ru: hey you could apply to join highperch if you want
(73:19 / All) myliegecyrus: you can rewatch the stream to confirm
(73:27 / All) baby_in_pram: yes, it definitely sounds like you don't care
(73:34 / All) dogsandhorse.ru: twitch.tv/bearand watch yourselves lose!
(73:36 / All) tazilla: look our stats
(73:38 / All) dogsandhorse.ru: watch me smile & laugh
(73:42 / All) dogsandhorse.ru: we did
(73:42 / All) myliegecyrus: tyler has smile this wide |-------------------------------------| on his face as you die to tower
(73:44 / All) dogsandhorse.ru: 40% lmao
(73:47 / All) tazilla: if we would care
(73:49 / All) KILO_KARTOFLI: y i have this on alt tab
(73:54 / All) dogsandhorse.ru: lol
(74:09 / All) baby_in_pram: you trolled your own team with your awful micro
(74:13 / All) KILO_KARTOFLI: y ^^
(74:31 / All) tazilla: go wcg maybe
(74:32 / All) tazilla: :D
(74:51 / All) tazilla: ok I just say gg and leave
(74:55 / All) tazilla: why insulting
(74:55 / All) KILO_KARTOFLI: gg
(74:56 / All) dogsandhorse.ru: gg
(74:59 / All) dogsandhorse.ru: you're shit
(75:01 / All) baby_in_pram: gg; destroyed
(75:04 / All) KILO_KARTOFLI: thanks for manner
(75:05 / All) tazilla: u russian
(75:08 / All) tazilla: so its normal manner
(75:10 / All) tazilla: so ok
(75:10 / All) KILO_KARTOFLI: ;O
(75:14 / All) KILO_KARTOFLI: ^^